 Dungeon Crawl Stone Soup version 0.19-a0-1216-g363869b (webtiles) character file.

101 dobroeutro the Cudgeler (level 4, -5/28 HPs)
             Began as a Gargoyle Fighter on Aug 23, 2016.
             Killed from afar by a white imp (10 damage)
             ... with a puff of frost
             ... summoned by Natasha
             ... on level 3 of the Dungeon.
             The game lasted 00:03:02 (1405 turns).

dobroeutro the Cudgeler (Gargoyle Fighter)          Turns: 1405, Time: 00:03:03

Health: -5/28      AC: 11    Str: 21    XL:     4   Next: 75%
Magic:  4/4        EV:  7    Int:  8    God:
Gold:   96         SH:  9    Dex:  9    Spells: 0 memorised, 3 levels left

rFire  . . .     SeeInvis .     a - +0 flail
rCold  . . .     Gourm    .     b - +0 scale mail
rNeg   + . .     Faith    .     c - +0 shield
rPois  ∞         Spirit   .     (no helmet)
rElec  +         Dismiss  .     n - +0 cloak
rCorr  .         Reflect  .     (no gloves)
MR     .....     Harm     .     (no boots)
Stlth  ..........               t - amulet of regeneration
                                (no ring)
                                (no ring)

@: slowed, very slow
A: negative energy resistance 1, electricity resistance, unbreathing,
petrification resistance, rot immunity, AC +3
a: no special abilities


You were on level 3 of the Dungeon.
You were not hungry.

You visited 1 branch of the dungeon, and saw 3 of its levels.

You collected 96 gold pieces.

Inventory:

Hand Weapons
 a - a +0 flail (weapon)
Armour
 b - a +0 scale mail (worn)
 c - a +0 shield (worn)
 n - a +0 cloak (worn)
 u - a +0 helmet
Jewellery
 j - a +2 amulet of reflection
 t - an amulet of regeneration (around neck)
Scrolls
 h - 2 scrolls of remove curse {unknown}
 m - a scroll of identify {unknown}
 o - a scroll of recharging {unknown}
 q - a scroll of amnesia {unknown}
 r - a scroll of random uselessness {unknown}
 s - a scroll of enchant weapon {unknown}
Potions
 d - a potion of might
 e - a potion of degeneration {unknown}
 i - a potion of curing {unknown}
 k - 2 potions of cure mutation {unknown}
 l - a potion of flight {unknown}
Comestibles
 f - 2 bread rations
 g - 4 meat rations
 p - a chunk of flesh


   Skills:
 - Level 3.4 Fighting
 + Level 4.4 Maces & Flails
 - Level 3.5 Armour
 - Level 3.4 Shields


You had 3 spell levels left.
You didn't know any spells.

Dungeon Overview and Level Annotations

Branches:
Dungeon (3/15)

Altars:
Ru
Zin

Annotations:
D:3 Natasha


Innate Abilities, Weirdness & Mutations

You are resistant to torment.
Your stone body is resilient. (AC +3)
You are immune to poison.
You resist negative energy. (rN+)
You are resistant to electric shocks. (rElec)
You can survive without breathing.
You are immune to petrification.
You are immune to rotting.


Message History

The kobold shouts!
Natasha claws you.
You hit Natasha.
Natasha is moderately wounded.
Natasha claws you but does no damage. x2
You barely miss Natasha.
Natasha is moderately wounded.
Natasha claws you.
* * * LOW HITPOINT WARNING * * *
You block the hobgoblin's attack.
Natasha stares at you and mumbles some strange words.
The magic dart hits you!
You barely miss Natasha.
Natasha is moderately wounded.
The hobgoblin hits you.
* * * LOW HITPOINT WARNING * * *
You block Natasha's attack. The white imp gestures at you.
The puff of frost hits you!
You die...

# #.###..... ..#. .####
#.##..#... #..... ...#
###.#..##..# .
#....###.###.#...##...#
.. #.....!.......)##..#..
...#..............#......
.......###)....#......#.#
......Kg.h.#.(#.....###.#
##....@#....((..#....<.
#.....5..............#
.....#†#†.........####..#
#.#......(....##......#.#
##.#..............#..[.
#..#....#######...##...
#. #)...# #...##... .
#....# #...##... .. ..
.## ####


You could see Natasha, a white imp, a hobgoblin and a kobold.

Vanquished Creatures
  Natasha (twice) (D:3)
  An adder (D:2)
  A worm (D:2)
  2 dart slugs (D:1)
  3 giant geckos (D:2)
  7 goblins
  3 hobgoblins
  3 jackals (D:1)
  3 kobolds
  A ball python (D:2)
  2 bats (D:1)
  4 giant newts
  A rat (D:1)
33 creatures vanquished.

Notes
Turn   | Place    | Note
-------+----------+-------------------------------------------
     0 | D:1      | dobroeutro the Gargoyle Fighter began the quest for the Orb.
     0 | D:1      | Reached XP level 1. HP: 14/14 MP: 1/1
   150 | D:1      | Reached XP level 2. HP: 19/19 MP: 2/2
   836 | D:2      | Reached XP level 3. HP: 14/23 MP: 3/3
   864 | D:2      | Reached skill level 3 in Maces & Flails
  1101 | D:2      | Found a glowing silver altar of Zin.
  1101 | D:2      | Found a sacrificial altar of Ru.
  1134 | D:2      | Found a faded altar of an unknown god.
  1326 | D:3      | Noticed Natasha
  1341 | D:3      | Killed Natasha
  1341 | D:3      | Reached skill level 4 in Maces & Flails
  1341 | D:3      | Reached XP level 4. HP: 7/28 MP: 4/4
  1386 | D:3      | Noticed Natasha
  1395 | D:3      | Killed Natasha
  1398 | D:3      | Noticed Natasha
  1405 | D:3      | Killed from afar by a white imp

Vault maps used:
D:1:      dpeg_arrival_snail
D:2:      gammafunk_temple_overflow_pools, ecumenical_altar_1
D:3:      nicolae_overflow_hidden_temple, uniq_natasha, uniq_sigmund

Skill      XL: |  1  2  3 |
---------------+----------+-----
Maces & Flails | 4 |  4.4
Fighting       | |  3.4
Armour         | |  3.5
Shields        | |  3.4

Action                   |  1- 3 |  4- 6 || total
-------------------------+-------+-------++-------
Melee: Flail             |   111 |    22 ||   133
  Eat: Chunk             |     1 |     1 ||     2
Armor: Scale mail        |    48 |    17 ||    65
Dodge: Dodged            |    36 |     9 ||    45
Block: Shield            |    60 |    15 ||    75
